 Dungeon Crawl Stone Soup version 0.29-a0-234-g0dae59b3db (webtiles) character file.

Game seed: 13255063312518969441

268 HotDog the Covered (level 6, -7/38 HPs)
             Began as a Gargoyle Fighter on Mar 2, 2022.
             Mangled by a two-headed ogre
             ... wielding a +0 giant spiked club
              (11 damage)
             ... on level 4 of the Dungeon.
             The game lasted 00:03:27 (3527 turns).

HotDog the Covered (Gargoyle Fighter)               Turns: 3527, Time: 00:03:27

Health: -7/38      AC: 12    Str: 21    XL:     6   Next: 21%
Magic:  6/6        EV:  9    Int: 15    God:
Gold:   206        SH:  4    Dex:  9    Spells: 5/5 levels left

rFire   . . .      SeeInvis .   a - +0 flail
rCold   . . .      Faith    .   c - +0 buckler
rNeg    + . .      Spirit   .   b - +0 scale mail
rPois   ∞          Reflect  .   (no helmet)
rElec   +          Harm     .   (no cloak)
rCorr   .          Rampage  .   (no gloves)
Will    .....                   k - +0 pair of boots
Stlth   ..........              (no amulet)
HPRegen 0.12/turn               j - +6 ring of intelligence
MPRegen 0.10/turn               (no ring)

@: no status effects
A: sickness immunity, AC +4, negative energy resistance 1, electricity
resistance, torment resistance 1, petrification resistance
a: no special abilities


You were on level 4 of the Dungeon.
You visited 1 branch of the dungeon, and saw 4 of its levels.

You collected 206 gold pieces.

Inventory:

Hand Weapons
 a - a +0 flail (weapon)
Armour
 b - a +0 scale mail (worn)
 c - a +0 buckler (worn)
 k - a +0 pair of boots (worn)
Jewellery
 j - a +6 ring of intelligence (left hand)
 r - a ring of willpower
Wands
 i - a wand of acid (13)
Scrolls
 e - a scroll of enchant weapon {unknown}
 f - a scroll of holy word {unknown}
 g - 2 scrolls of fog
 l - a scroll of blinking {unknown}
 m - 2 scrolls of identify
 n - a scroll of brand weapon {unknown}
 o - a scroll of teleportation
 p - a scroll of amnesia {unknown}
Potions
 d - 4 potions of might
 h - a potion of flight {unknown}
 q - a potion of curing


   Skills:
 * Level 4.1 Fighting
 * Level 4.1 Maces & Flails
 * Level 4.6 Armour
 * Level 1.2 Dodging
 * Level 4.0 Shields


You had 5 spell levels left.
You didn't know any spells.
Your spell library contained the following spells:

 Spells                   Type           Power      Damage    Failure   Level
 Freeze                   Ice            0%         1d3       67%         1
 Conjure Flame            Conj/Fire      0%         6-21      95%         3
 Frozen Ramparts          Ice            0%         1d2       95%         3
 Ignite Poison            Fire/Tmut/Pois 0%         N/A       95%         3
 Hailstorm                Conj/Ice       0%         3d3       100%        4
 Sticky Flame             Conj/Fire      0%         2d3       100%        4


Dungeon Overview and Level Annotations

Branches:
Dungeon (4/15)
 Temple: D:4-7

Altars:
Kikubaaqudgha


Innate Abilities, Weirdness & Mutations

You are immune to sickness and miasma.
Your stone body is resilient. (AC +4)
You are immune to poison.
You resist negative energy. (rN+)
You are resistant to electric shocks. (rElec)
You are resistant to unholy torment.
You are immune to petrification.


Message History

You sock the iguana!
You kill the iguana!
A two-headed ogre is nearby!
Found a stone staircase leading down.
You thump the two-headed ogre!
The two-headed ogre is lightly wounded.
The two-headed ogre hits you with a +0 giant spiked club!!
Ouch! That really hurt!
* * * LOW HITPOINT WARNING * * *
The two-headed ogre barely misses you.
A two-headed ogre is nearby!
You are too injured to fight recklessly!
Okay, then.
There is an open door here.
There is an open door here.
There is an open door here.
There is an open door here.
There is an open door here.
There is an open door here.
There is an open door here.
Found a chain mail.
Found a stone staircase leading up.
Found 19 gold pieces.
There is an open door here.
You block the two-headed ogre's attack. x2
There is an open door here.
There is an open door here.
There is an open door here.
The two-headed ogre hits you with a +0 giant spiked club!
* * * LOW HITPOINT WARNING * * *
The two-headed ogre hits you with a +0 giant club.
* * * LOW HITPOINT WARNING * * *
There is an open door here.
There is an open door here.
There is an open door here.
Found a dagger.
The two-headed ogre hits you with a +0 giant spiked club.
* * * LOW HITPOINT WARNING * * *
The two-headed ogre hits you with a +0 giant club!
You die...

.........# #.... .........#######
#..## #####..........# #.. #
....'..........# ... #
....#..........# #...... #
.####..........##+## #.....###+##
.#.....#######.....###.....##...#
.#.....# #.O...#.............
.#.....# #..@..#.............
.#.....# +.....#...........#.
.#.....# #.....#...........#.
.#.....# #.....#.........####
##.....# #)....##<.##...##..#
###+#### ...#+#######...##... #
.... #......... # #....
#......... # #.........


You could see a two-headed ogre.

Vanquished Creatures
  A scorpion (D:3)
  Jessica (D:2)
  2 iguanas (D:4)
  2 gnolls
  7 adders
  3 worms
  An orc (D:4)
  4 ball pythons
  4 endoplasms
  A giant cockroach (D:3)
  2 hobgoblins
  2 quokkas
  3 bats
  3 frilled lizards
  3 goblins
  7 kobolds
  5 rats
51 creatures vanquished.

Vanquished Creatures (others)
  A bat (D:3)
  4 plants (D:1)
5 creatures vanquished.

Grand Total: 56 creatures vanquished

Notes
Turn   | Place    | Note
-------+----------+-------------------------------------------
     0 | D:1      | HotDog the Gargoyle Fighter began the quest for the Orb.
     0 | D:1      | Reached XP level 1. HP: 14/14 MP: 1/1
   306 | D:1      | Reached XP level 2. HP: 19/19 MP: 2/2
   781 | D:1      | Reached XP level 3. HP: 10/23 MP: 3/3
  1274 | D:2      | Found an ancient bone altar of Kikubaaqudgha.
  1294 | D:2      | Found a faded altar of an unknown god.
  1470 | D:2      | Reached XP level 4. HP: 8/29 MP: 4/4
  1728 | D:2      | Noticed Jessica
  1733 | D:2      | Killed Jessica
  2306 | D:3      | Noticed a scorpion
  2311 | D:3      | Killed a scorpion
  2312 | D:3      | Reached skill level 1 in Dodging
  2312 | D:3      | Reached XP level 5. HP: 26/33 MP: 5/5
  3216 | D:4      | Reached XP level 6. HP: 30/38 MP: 6/6
  3378 | D:4      | Noticed a two-headed ogre
  3527 | D:4      | Mangled by a two-headed ogre

Illustrated notes

Levels and vault maps discovered:
D:1:      eino_arrival_cavern_a, layout_basic, serial_glass, glass_columns_c,
          glass_columns_a, nicolae_grassy_gnolls
D:2:      cheibrodos_old_hovel, layout_basic, ebering_ecumenical_altar_mist,
          basic_altar, uniq_jessica
D:3:      layout_loops_ring, lemuel_old_faithful
D:4:      layout_gridville, hangedman_decor_push

Skill      XL: |  1  2  3  4  5 |
---------------+----------------+-----
Maces & Flails | 3 4 |  4.1
Armour         | 4 |  4.6
Fighting       | 4 |  4.1
Dodging        | 1 |  1.2
Shields        | 4 |  4.0

Action                   |  1- 3 |  4- 6 || total
-------------------------+-------+-------++-------
Melee: Flail             |    77 |    97 ||   174
  Use: Scroll            |     2 |       ||     2
       Potion            |     2 |       ||     2
Armor: Scale mail        |    30 |    40 ||    70
Dodge: Dodged            |    41 |    41 ||    82
Block: Buckler           |    11 |    26 ||    37

Table legend: (Time is in decaauts)
 A = Elapsed time spent in this place.
 B = Non-inter-level travel time spent in this place.
 C = Inter-level travel time spent in this place.
 D = Time resting spent in this place.
 E = Time spent auto-exploring this place.
 F = Levels seen in this place.
 G = Mean time per level.
                   A        B        C        D        E       F      G
               +--------+--------+--------+--------+--------+-----+--------+
         Total |   3582 |   3507 |     75 |     93 |   2814 |   4 |  895.5 |
       Dungeon |   3582 |   3507 |     75 |     93 |   2814 |   4 |  895.5 |
               +--------+--------+--------+--------+--------+-----+--------+

Top non-repeatable levels by time:
     D:1: 1164 daAuts
     D:2: 1080 daAuts
     D:3: 808 daAuts
     D:4: 528 daAuts
